| 
	| TOP OF THE 1ST | 
|---|
 
		| Akron RubberDucks batting - Pitching for Arkansas Travelers : RHP Josh Brewer |  
		| Pitching: RHP Josh Brewer |  |  
		| Batting: RHB Mitch Boyd | 0-0:  Fly out, F3  (Popup, 3F, EV 66.2 MPH) |  
		| Batting: LHB Nick Welling | 0-0: Ground out 6-3 (Groundball, 6M, EV 85.0 MPH) |  
		| Batting: RHB Tristan Wright | 0-0: Called Strike 0-1: Foul Ball, location: 2F
 0-2: Foul Ball, location: 2F
 0-2: Foul Ball, location: 2F
 0-2: Strikes out looking
 |  
		| Top of the 1st over - 0 runs, 0 hits, 0 errors, 0 left on base; Akron 0 - Arkansas 0 |  
	| BOTTOM OF THE 1ST | 
|---|
 
		| Arkansas Travelers batting - Pitching for Akron RubberDucks : LHP Mitch Lewis |  
		| Pitching: LHP Mitch Lewis |  |  
		| Batting: RHB Ricky Mejicanos | 0-0: Ground out 2-3 (Groundball, 15S, EV 72.5 MPH) |  
		| Batting: RHB Kyler Seitz | 0-0: Ball 1-0: Foul Ball, location: 2F
 1-1: Swinging Strike
 1-2: Ball
 2-2: Ball
 3-2: Strikes out swinging
 |  
		| Batting: RHB Juan Montez | 0-0: Swinging Strike 0-1: Called Strike
 0-2: Strikes out swinging
 |  
		| Bottom of the 1st over - 0 runs, 0 hits, 0 errors, 0 left on base; Akron 0 - Arkansas 0 |  
	| TOP OF THE 2ND | 
|---|
 
		| Akron RubberDucks batting - Pitching for Arkansas Travelers : RHP Josh Brewer |  
		| Batting: LHB Costodio Varino | 0-0: Ball 1-0: Swinging Strike
 1-1: Called Strike
 1-2:  Fly out, F8  (Flyball, 8LS, EV 82.5 MPH)
 |  
		| Batting: RHB Justin Lauderdale | 0-0: Ball 1-0: Foul Ball, location: 2F
 1-1: Called Strike
 1-2: Strikes out swinging, 2-3 out at first.
 |  
		| Batting: RHB Adam McMillen | 0-0: Swinging Strike 0-1: Foul Ball, location: 2F
 0-2: Strikes out looking
 |  
		| Top of the 2nd over - 0 runs, 0 hits, 0 errors, 0 left on base; Akron 0 - Arkansas 0 |  
	| BOTTOM OF THE 2ND | 
|---|
 
		| Arkansas Travelers batting - Pitching for Akron RubberDucks : LHP Mitch Lewis |  
		| Batting: LHB Mutsuo IIda | 0-0: Called Strike 0-1: Foul Ball, location: 2F
 0-2:  Fly out, F9  (Line Drive, 9LM, EV 93.8 MPH)
 |  
		| Batting: RHB Nick Lombardo | 0-0: Foul Ball, location: 2F 0-1: Ball
 1-1: Ball
 2-1: Foul Ball, location: 2F
 2-2: Strikes out swinging
 |  
		| Batting: RHB Kinya Nishimura | 0-0: Swinging Strike 0-1: Called Strike
 0-2: Foul Ball, location: 2F
 0-2: Ball
 1-2: Strikes out looking
 |  
		| Bottom of the 2nd over - 0 runs, 0 hits, 0 errors, 0 left on base; Akron 0 - Arkansas 0 |  
	| TOP OF THE 3RD | 
|---|
 
		| Akron RubberDucks batting - Pitching for Arkansas Travelers : RHP Josh Brewer |  
		| Batting: SHB Edwin Dominguez | 0-0: Ball 1-0: Ground out 5-3 (Groundball, 5, EV 83.8 MPH)
 |  
		| Batting: RHB Joeri Plas | 0-0: Ball 1-0: Called Strike
 1-1: Foul Ball, location: 2F
 1-2:  Fly out, F4  (Popup, 4S, EV 84.4 MPH)
 |  
		| Batting: RHB Kenzo Shinoda | 0-0: Called Strike 0-1: Foul Ball, location: 2F
 0-2: Ball
 1-2: Foul Ball, location: 2F
 1-2: Foul Ball, location: 2F
 1-2: Ground out 6-3 (Groundball, P, EV 88.1 MPH)
 |  
		| Top of the 3rd over - 0 runs, 0 hits, 0 errors, 0 left on base; Akron 0 - Arkansas 0 |  
	| BOTTOM OF THE 3RD | 
|---|
 
		| Arkansas Travelers batting - Pitching for Akron RubberDucks : LHP Mitch Lewis |  
		| Batting: LHB Dave Hicks | 0-0: Ball 1-0: Called Strike
 1-1: Foul Ball, location: 2F
 1-2: Ball
 2-2: Strikes out looking
 |  
		| Batting: RHB T.J. Gray | 0-0: Ground out U3 (Groundball, 3, EV 101.9 MPH) |  
		| Batting: RHB Ryan Pelletier | 0-0: Ball 1-0:  Fly out, F4  (Popup, 4M, EV 73.1 MPH)
 |  
		| Bottom of the 3rd over - 0 runs, 0 hits, 0 errors, 0 left on base; Akron 0 - Arkansas 0 |  
	| TOP OF THE 4TH | 
|---|
 
		| Akron RubberDucks batting - Pitching for Arkansas Travelers : RHP Josh Brewer |  
		| Batting: RHB Mitch Boyd | 0-0: Called Strike 0-1: Ball
 1-1: Called Strike
 1-2: Ball
 2-2: Strikes out swinging
 |  
		| Batting: LHB Nick Welling | 0-0:  SOLO HOME RUN  (Flyball, 78XD, EV 103.1 MPH), Distance : 428 ft |  
		| Batting: RHB Tristan Wright | 0-0: Called Strike 0-1: Reached on error, E6 (Groundball, 6S, EV 83.1 MPH)
 |  
		| Batting: LHB Costodio Varino | 0-0: Swinging Strike 0-1: Ball
 Tristan Wright steals 2nd base
 1-1: DOUBLE  (Line Drive, 8RXD, EV 102.5 MPH)
 Tristan Wright scores
 |  
		| Batting: RHB Justin Lauderdale | 0-0: Foul Ball, location: 2F 0-1: Ball
 1-1: Ball
 2-1: Ball
 3-1: Foul Ball, location: 2F
 3-2: Foul Ball, location: 2F
 3-2: SINGLE  (Line Drive, 8RS, EV 101.2 MPH)
 Costodio Varino to third
 |  
		| Batting: RHB Adam McMillen | 0-0: Called Strike 0-1: Ball
 1-1: Called Strike
 Justin Lauderdale steals 2nd base
 1-2: DOUBLE  (Line Drive, 9LM, EV 110.6 MPH)
 Costodio Varino scores
 Justin Lauderdale scores
 |  
		| Batting: SHB Edwin Dominguez | 0-0: Called Strike Adam McMillen steals 3rd base
 0-1: Ground out U3 (Groundball, 3S, EV 88.1 MPH)
 |  
		| Batting: RHB Joeri Plas | 0-0: Foul Ball, location: 2F 0-1: Swinging Strike
 0-2: Ball
 1-2: Foul Ball, location: 2F
 1-2: Foul Ball, location: 2F
 1-2: Foul Ball, location: 2F
 1-2: Strikes out swinging
 |  
		| Top of the 4th over - 4 runs, 4 hits, 1 error, 1 left on base; Akron 4 - Arkansas 0 |  
	| BOTTOM OF THE 4TH | 
|---|
 
		| Arkansas Travelers batting - Pitching for Akron RubberDucks : LHP Mitch Lewis |  
		| Batting: RHB Ricky Mejicanos | 0-0: Foul Ball, location: 2F 0-1: Ball
 1-1: Foul Ball, location: 2F
 1-2: SINGLE  (Flyball, 8LS, EV 85.0 MPH)
 |  
		| Batting: RHB Kyler Seitz | 0-0: Called Strike 0-1: Swinging Strike
 0-2: Strikes out swinging
 |  
		| Batting: RHB Juan Montez | 0-0: Ball 1-0:  Fly out, F8  (Flyball, 78D, EV 93.1 MPH)
 |  
		| Batting: LHB Mutsuo IIda | 0-0: Ball 1-0: Called Strike
 1-1: Called Strike
 1-2: Strikes out swinging
 |  
		| Bottom of the 4th over - 0 runs, 1 hit, 0 errors, 1 left on base; Akron 4 - Arkansas 0 |  
	| TOP OF THE 5TH | 
|---|
 
		| Akron RubberDucks batting - Pitching for Arkansas Travelers : RHP Josh Brewer |  
		| Batting: RHB Kenzo Shinoda | 0-0: Swinging Strike 0-1: Ball
 1-1: Called Strike
 1-2: Foul Ball, location: 2F
 1-2: Ground out 5-3 (Groundball, 56S, EV 82.5 MPH)
 |  
		| Batting: RHB Mitch Boyd | 0-0: Called Strike 0-1: SINGLE  (Groundball, 6MD, EV 97.5 MPH)
 |  
		| Batting: LHB Nick Welling | 0-0: Called Strike Mitch Boyd is caught stealing 2nd base 2-6
 0-1: Ball
 1-1: SINGLE  (Groundball, 4MD, EV 94.4 MPH)
 |  
		| Batting: RHB Tristan Wright | 0-0: Ball Nick Welling steals 2nd base
 1-0: Ball
 2-0: Ball
 3-0: Base on Balls
 |  
		| Batting: LHB Costodio Varino | 0-0: Ball 1-0: Swinging Strike
 1-1: Ball
 2-1: Ball
 3-1: Base on Balls
 Nick Welling to third
 Tristan Wright to second
 |  
		| Batting: RHB Justin Lauderdale | 0-0: Ball 1-0: Ball
 2-0: Ground out 6-3 (Groundball, 6M, EV 104.4 MPH)
 |  
		| Top of the 5th over - 0 runs, 2 hits, 0 errors, 3 left on base; Akron 4 - Arkansas 0 |  
	| BOTTOM OF THE 5TH | 
|---|
 
		| Arkansas Travelers batting - Pitching for Akron RubberDucks : LHP Mitch Lewis |  
		| Batting: RHB Nick Lombardo | 0-0: Ball 1-0: Called Strike
 1-1: Ball
 2-1: Called Strike
 2-2: Ground out 6-3 (Groundball, 6, EV 108.8 MPH)
 |  
		| Batting: RHB Kinya Nishimura | 0-0: Called Strike 0-1: Ball
 1-1: Swinging Strike
 1-2: Strikes out swinging
 |  
		| Batting: LHB Dave Hicks | 0-0: Ball 1-0: Swinging Strike
 1-1: Ground out U3 (Groundball, 34S, EV 73.1 MPH)
 |  
		| Bottom of the 5th over - 0 runs, 0 hits, 0 errors, 0 left on base; Akron 4 - Arkansas 0 |  
	| TOP OF THE 6TH | 
|---|
 
		| Akron RubberDucks batting - Pitching for Arkansas Travelers : RHP Josh Brewer |  
		| Batting: RHB Adam McMillen | 0-0: SINGLE  (Line Drive, 7S, EV 93.8 MPH) |  
		| Batting: SHB Edwin Dominguez | 0-0: Ball 1-0: DOUBLE  (Line Drive, 3D, EV 94.4 MPH)
 Adam McMillen to third
 |  
		| Batting: RHB Joeri Plas | 0-0: Called Strike 0-1: Ball
 1-1: Ball
 2-1:  Fly out, F8  (Flyball, 8LD, EV 91.2 MPH)
 Runner from 3rd tags up, OUT at HOME! 8-2
 Edwin Dominguez to third
 |  
		| Pitching: RHP Jason Smallwood |  |  
		| Batting: RHB Kenzo Shinoda | 0-0: Foul Ball, location: 2F 0-1: Called Strike
 0-2: Strikes out looking
 |  
		| Top of the 6th over - 0 runs, 2 hits, 0 errors, 1 left on base; Akron 4 - Arkansas 0 |  
	| BOTTOM OF THE 6TH | 
|---|
 
		| Arkansas Travelers batting - Pitching for Akron RubberDucks : LHP Mitch Lewis |  
		| Batting: RHB T.J. Gray | 0-0: Called Strike 0-1: Ball
 1-1: Ball
 2-1: Called Strike
 2-2: Strikes out swinging, 2-3 out at first.
 |  
		| Batting: RHB Ryan Pelletier | 0-0: Called Strike 0-1: Foul Ball, location: 2F
 0-2: Foul Ball, location: 2F
 0-2: Single, Error in OF, E7, batter to second base (Line Drive, 56D, EV 100.0 MPH)
 |  
		| Batting: RHB Ricky Mejicanos | 0-0: Ball 1-0: Ball
 2-0: Foul Ball, location: 2F
 2-1: Foul Ball, location: 2F
 2-2: Foul Ball, location: 2F
 2-2: Ball
 3-2: SINGLE  (Flyball, 9LS, EV 93.8 MPH)
 Ryan Pelletier to third
 |  
		| Batting: RHB Kyler Seitz | 0-0: Ball Wild Pitch!
 Ryan Pelletier scores
 Ricky Mejicanos to second
 1-0: Ball
 2-0: Swinging Strike
 2-1:  Fly out, F4  (Popup, 34S, EV 85.0 MPH)
 |  
		| Batting: RHB Juan Montez | 0-0: Foul Ball, location: 2F 0-1: Ball
 1-1: Ball
 2-1:  Fly out, F8  (Flyball, 8RXD, EV 100.6 MPH)
 |  
		| Bottom of the 6th over - 1 run, 2 hits, 1 error, 1 left on base; Akron 4 - Arkansas 1 |  
	| TOP OF THE 7TH | 
|---|
 
		| Akron RubberDucks batting - Pitching for Arkansas Travelers : RHP Jason Smallwood |  
		| Pinch Hitting: SHB Dan Morataya | 0-0:  Fly out, F8  (Flyball, 8LD, EV 98.1 MPH) |  
		| Batting: LHB Nick Welling | 0-0: Called Strike 0-1: Swinging Strike
 0-2: Strikes out swinging
 |  
		| Batting: RHB Tristan Wright | 0-0: Foul Ball, location: 2F 0-1: Foul Ball, location: 2F
 0-2: Foul Ball, location: 2F
 0-2: Ball
 1-2:  Fly out, F3  (Popup, 23F, EV 90.6 MPH)
 |  
		| Top of the 7th over - 0 runs, 0 hits, 0 errors, 0 left on base; Akron 4 - Arkansas 1 |  
	| BOTTOM OF THE 7TH | 
|---|
 
		| Arkansas Travelers batting - Pitching for Akron RubberDucks : LHP Mitch Lewis |  
		| Now at 2B: Javon Mitchell |  |  
		| Now in LF: Jarrod Lindblad |  |  
		| Batting: LHB Mutsuo IIda | 0-0: Called Strike 0-1: Foul Ball, location: 2F
 0-2: Ball
 1-2: Foul Ball, location: 2F
 1-2: Strikes out looking
 |  
		| Batting: RHB Nick Lombardo | 0-0: Ground out 6-3 (Groundball, 6S, EV 86.9 MPH) |  
		| Batting: RHB Kinya Nishimura | 0-0: SINGLE  (Line Drive, 34D, EV 100.0 MPH) |  
		| Batting: LHB Dave Hicks | 0-0: Swinging Strike 0-1: Ball
 1-1: Swinging Strike
 1-2: Ball
 2-2: Foul Ball, location: 2F
 2-2: Foul Ball, location: 2F
 2-2: Strikes out swinging
 |  
		| Bottom of the 7th over - 0 runs, 1 hit, 0 errors, 1 left on base; Akron 4 - Arkansas 1 |  
	| TOP OF THE 8TH | 
|---|
 
		| Akron RubberDucks batting - Pitching for Arkansas Travelers : RHP Jason Smallwood |  
		| Pitching: LHP Jose Rivera |  |  
		| Batting: LHB Costodio Varino | 0-0: Called Strike 0-1: Foul Ball, location: 2F
 0-2: Strikes out swinging
 |  
		| Pitching: RHP Eddie Garabito |  |  
		| Batting: RHB Justin Lauderdale | 0-0: Ground out 5-3 (Groundball, 5, EV 97.5 MPH) |  
		| Batting: RHB Adam McMillen | 0-0: Called Strike 0-1: Ball
 1-1: Foul Ball, location: 2F
 1-2: Strikes out looking
 |  
		| Top of the 8th over - 0 runs, 0 hits, 0 errors, 0 left on base; Akron 4 - Arkansas 1 |  
	| BOTTOM OF THE 8TH | 
|---|
 
		| Arkansas Travelers batting - Pitching for Akron RubberDucks : LHP Mitch Lewis |  
		| Batting: RHB T.J. Gray | 0-0: Called Strike 0-1: Foul Ball, location: 2F
 0-2: Foul Ball, location: 2F
 0-2: Ball
 1-2: Ball
 2-2:  Fly out, F9  (Line Drive, 89M, EV 102.5 MPH)
 |  
		| Pitching: RHP David Matheney |  |  
		| Batting: RHB Ryan Pelletier | 0-0: SINGLE  (Line Drive, 6M, EV 106.2 MPH) |  
		| Batting: RHB Ricky Mejicanos | 0-0: Ball 1-0: Ball
 2-0: Called Strike
 2-1: Ball
 3-1: Called Strike
 3-2: Foul Ball, location: 2F
 3-2: Strikes out swinging
 |  
		| Batting: RHB Kyler Seitz | 0-0: Ball 1-0: Foul Ball, location: 2F
 1-1:  Fly out, F8  (Line Drive, 78M, EV 99.4 MPH)
 |  
		| Bottom of the 8th over - 0 runs, 1 hit, 0 errors, 1 left on base; Akron 4 - Arkansas 1 |  
	| TOP OF THE 9TH | 
|---|
 
		| Akron RubberDucks batting - Pitching for Arkansas Travelers : RHP Eddie Garabito |  
		| Batting: SHB Edwin Dominguez | 0-0: Called Strike 0-1: Ball
 1-1: Foul Ball, location: 2F
 1-2: Strikes out swinging
 |  
		| Batting: RHB Joeri Plas | 0-0: Ball 1-0: Ball
 2-0: Ball
 3-0: Base on Balls
 |  
		| Batting: RHB Kenzo Shinoda | 0-0: Called Strike 0-1: Ball
 1-1: Swinging Strike
 1-2: Strikes out swinging
 |  
		| Batting: SHB Jarrod Lindblad | 0-0: Foul Ball, location: 2F 0-1: Called Strike
 0-2: Ball
 1-2:  Fly out, F9  (Flyball, 9D, EV 91.2 MPH)
 |  
		| Top of the 9th over - 0 runs, 0 hits, 0 errors, 1 left on base; Akron 4 - Arkansas 1 |  
	| BOTTOM OF THE 9TH | 
|---|
 
		| Arkansas Travelers batting - Pitching for Akron RubberDucks : RHP David Matheney |  
		| Pitching: RHP Dave Barry |  |  
		| Batting: RHB Juan Montez | 0-0:  Fly out, F8  (Flyball, 8LM, EV 91.9 MPH) |  
		| Batting: LHB Mutsuo IIda | 0-0: Called Strike 0-1: Foul Ball, location: 2F
 0-2: Ball
 1-2: Ball
 2-2: Ground out 5-3 (Groundball, 56S, EV 71.2 MPH)
 |  
		| Batting: RHB Nick Lombardo | 0-0: Ball 1-0: Ball
 2-0: Ground out 6-3 (Groundball, 6, EV 105.6 MPH)
 |  
		| Bottom of the 9th over - 0 runs, 0 hits, 0 errors, 0 left on base; Akron 4 - Arkansas 1 |  |